 Dungeon Crawl Stone Soup version 0.27-a0-1196-g3e9cee4cb2 (webtiles) character file.

Game seed: 6008819224324422403

3602 Glokmah the Covert (level 9, -3/78 HPs)
             Began as a Deep Dwarf Ice Elementalist on May 28, 2021.
             Was a Follower of Makhleb.
             Slain by Harold
             ... wielding a +0 glaive
              (5 damage)
             ... on level 8 of the Dungeon.
             The game lasted 00:26:38 (9564 turns).

Glokmah the Covert (Deep Dwarf Ice Elementalist)    Turns: 9564, Time: 00:26:39

Health: -3/78      AC: 11    Str: 13    XL:     9   Next: 86%
Magic:  9/14       EV: 16    Int: 23    God:    Makhleb [*.....]
Gold:   313        SH:  0    Dex: 14    Spells: 3/16 levels left

rFire    . . .     SeeInvis .   a - +3 dagger
rCold    . . .     Faith    .   (no shield)
rNeg     . . .     Spirit   .   y - +2 robe {Will+}
rPois    .         Reflect  .   E - +0 helmet
rElec    .         Harm     .   u - scarf {shadows}
rCorr    .         Rampage  .   A - +2 pair of gloves
Will     ++...                  k - +2 pair of boots
Stlth    ++++......             (no amulet)
HPRegen  0.00/turn              F - +6 ring of intelligence
MPRegen  0.14/turn              v - ring "Wearec" {+Blink EV+4}

@: freezing walls
A: damage resistance, heal wounds, sense surroundings 2, no regeneration
a: Heal Wounds, Renounce Religion, Evoke Blink


You were on level 8 of the Dungeon.
You worshipped Makhleb.
Makhleb was aware of your devotion.
You visited 2 branches of the dungeon, and saw 9 of its levels.

You collected 457 gold pieces.
You spent 144 gold pieces at shops.

Inventory:

Hand Weapons
 a - a +3 dagger (weapon)
 b - a +0 spear
 j - a +1 short sword of freezing
Missiles
 e - 15 boomerangs (quivered)
 o - 5 curare-tipped darts
 z - 5 silver boomerangs
 B - 86 bolts
Armour
 d - a +3 buckler of reflection
 k - a +2 pair of boots (worn)
 u - a scarf of shadows (worn)
 y - a +2 robe of willpower (worn)
 A - a +2 pair of gloves (worn)
 E - a +0 helmet (worn)
Jewellery
 i - a +6 ring of strength
 n - a ring of protection from cold
 v - the ring "Wearec" (right hand) {+Blink EV+4}
   (You found it on level 5 of the Dungeon)

   [ring of evasion]

   It affects your evasion (+4).
   It lets you blink.
 F - a +6 ring of intelligence (left hand)
Wands
 f - a wand of flame (14)
 l - a wand of mindburst (32)
 p - a wand of paralysis (10)
 q - a wand of iceblast (12)
Scrolls
 r - 2 scrolls of teleportation
 D - a scroll of identify
Potions
 c - a potion of lignification
 g - 2 potions of flight
 h - a potion of cancellation {unknown}
 m - a potion of degeneration {unknown}
 s - a potion of berserk rage {unknown}
 t - 5 potions of curing
 w - a potion of heal wounds {unknown}
 x - a potion of brilliance {unknown}
 C - a potion of might {unknown}


   Skills:
 + Level 4.0 Fighting
 * Level 4.4 Short Blades
 - Level 0.1 Maces & Flails
 - Level 2.1 Dodging
 * Level 8.5 Stealth
 - Level 4.0 Shields
 + Level 4.2 Spellcasting
 - Level 4.0 Hexes
 * Level 7.2 Ice Magic
 * Level 2.2 Invocations


You had 3 spell levels left.
You knew the following spells:

 Your Spells              Type           Power      Damage    Failure   Level
a - Freeze                Ice            100%       1d11      1%          1
b - Frozen Ramparts       Ice            76%        1d9       1%          3
c - Ensorcelled Hibernat  Hex/Ice        60%        N/A       1%          2
d - Ozocubu's Armour      Ice            38%        N/A       1%          3
e - Hailstorm             Conj/Ice       21%        3d6       22%         4

Your spell library contained the following spells:

 Spells                   Type           Power      Damage    Failure   Level
 Corona                   Hex            25%        N/A       1%          1
 Slow                     Hex            23%        N/A       3%          2
 Confusing Touch          Hex            23%        N/A       6%          3
 Tukima's Dance           Hex            23%        N/A       6%          3
 Summon Small Mammal      Summ           16%        N/A       11%         1
 Dazzling Flash           Conj/Hex       28%        N/A       14%         3
 Inner Flame              Hex/Fire       14%        N/A       14%         3
 Portal Projectile        Hex/Tloc       28%        N/A       14%         3
 Summon Guardian Golem    Hex/Summ       14%        N/A       14%         3
 Call Imp                 Summ           4%         N/A       16%         2
 Call Canine Familiar     Summ           4%         N/A       30%         3
 Cause Fear               Hex            11%        N/A       21%         4
 Summon Ice Beast         Ice/Summ       21%        N/A       22%         4
 Metabolic Englaciation   Hex/Ice        15%        N/A       28%         5
 Leda's Liquefaction      Hex/Erth       7%         N/A       41%         4
 Summon Lightning Spire   Summ/Air       4%         N/A       71%         4


Dungeon Overview and Level Annotations

Branches:
Dungeon (8/15)             Temple (1/1) D:4
   Lair: D:8-11

Altars:
Ashenzari
Cheibriados
Dithmenos
Elyvilon
Fedhas
Gozag
Hepliaklqana
Kikubaaqudgha
Makhleb
Qazlal
Ru
Sif Muna
Wu Jian
Xom
Yredelemnul
The Shining One

Shops:
D:3 (   D:4 [

Annotations:
D:8 Harold


Innate Abilities, Weirdness & Mutations

You are resistant to damage.
You can heal yourself by infusing magical energy.
You passively map the area around you.
You do not regenerate.


Message History

Found a great mace.
You now have 313 gold pieces (gained 14).
You see here a +0 great mace.
An orc and Harold come into view. 2 orcs and an orc wizard come into view.
The orc hits you but does no damage. The orc barely misses you.
Casting: Ensorcelled Hibernation (safe; 1% risk of failure)
Confirm with . or Enter, or press ? or * to list all spells.
Aiming: Ensorcelled Hibernation (safe; 1% risk of failure)
Press: ? - help, Shift-Dir - straight line, f - Harold
Aim: Harold, wielding a +0 glaive, wearing a +0 scale mail and quivering 2 throwing nets (chance to affect: 25%) Harold looks drowsy...
The orc hits you but does no damage.
The helpless Harold fails to defend himself.
You stick Harold like a pincushion!!!
Harold is heavily wounded.
The orc hits you with a +0 short sword. Harold hits you with a +0 glaive!
* * * LOW HITPOINT WARNING * * *
The orc shouts! x2
The orc hits you but does no damage. Harold completely misses you.
Casting: Ensorcelled Hibernation (safe; 1% risk of failure)
Confirm with . or Enter, or press ? or * to list all spells.
Casting: Frozen Ramparts (safe; 1% risk of failure)
Press: ? - help, Dir - look around, f - activate The walls around you are covered in ice.
The wall freezes the orc wizard!
Harold hits you from afar with a +0 glaive!!
* * * LOW HITPOINT WARNING * * *
The wall freezes the orc.
The orc barely misses you.
The wall freezes the orc wizard.
The orc wizard hits you but does no damage.
Unknown command.
Unknown command.
You hit the orc wizard.
The orc wizard is almost dead.
You hit the orc wizard.
You kill the orc wizard!
Makhleb accepts your kill.
Harold hits you from afar with a +0 glaive!
You die...

, ** #......... ,
* *.##
###.##.#..#* , ,
...# #..).#.##.# *
,#....##....######
,, ......#.......#
,, *
#.............# **
..............# ,
**..............#
,,
*......o@####...#
,,, **, ,#....)###
...# #...@...#
*..# , ....o....#
* , * , .........#
, ###.......#
#....#....#*
,...... ...... ,,*
, ...###,......


You could see Harold and 2 orcs.

Vanquished Creatures
  Prince Ribbit (D:8)
  6 yaks (D:7)
  2 steam dragons
  Menkaure (D:5)
  A water moccasin (D:5)
  Duvessa (D:6)
  A necrophage (D:5)
  2 orc warriors (D:8)
  3 phantoms
  2 kobold brigands (D:3)
  A scorpion (D:6)
  A bullfrog (D:4)
  Dowan (D:6)
  2 water moccasin skeletons
  5 killer bees (D:7)
  A howler monkey (D:6)
  2 centaur zombies (D:5)
  3 jellies
  4 hounds
  A centaur skeleton (D:5)
  5 orc priests
  An iguana (D:5)
  5 orc wizards
  4 gnolls (D:5)
  6 adders
  2 white imps (D:7)
  2 ufetubi
  An adder zombie (D:5)
  3 worms
  4 dart slugs
  15 orcs
  7 endoplasms
  5 giant cockroaches
  8 goblins
  7 hobgoblins
  6 jackals
  4 quokkas
  6 ball pythons
  A bat (D:3)
  2 frilled lizards
  12 kobolds
  7 rats
154 creatures vanquished.

Vanquished Creatures (others)
  An orc priest (D:8)
  7 plants (D:3)
8 creatures vanquished.

Grand Total: 162 creatures vanquished

Notes
Turn   | Place    | Note
-------+----------+-------------------------------------------
     0 | D:1      | Glokmah the Deep Dwarf Ice Elementalist began the quest for
                  | the Orb.
     0 | D:1      | Reached XP level 1. HP: 15/15 MP: 3/3
    92 | D:1      | Reached XP level 2. HP: 17/22 MP: 0/4
   660 | D:1      | Reached XP level 3. HP: 30/30 MP: 2/6
   664 | D:1      | Learned a level 3 spell: Frozen Ramparts
  1348 | D:2      | Reached skill level 1 in Fighting
  2249 | D:3      | Learned a level 2 spell: Ensorcelled Hibernation
  2353 | D:3      | Reached XP level 4. HP: 25/38 MP: 2/7
  2433 | D:3      | Noticed a kobold brigand
  2433 | D:3      | Noticed a kobold brigand
  2519 | D:3      | Killed a kobold brigand
  2520 | D:3      | Reached skill level 3 in Stealth
  2520 | D:3      | Reached skill level 1 in Hexes
  2640 | D:3      | Reached XP level 5. HP: 44/44 MP: 3/8
  3125 | D:3      | Reached skill level 4 in Stealth
  3125 | D:3      | Reached XP level 6. HP: 42/52 MP: 0/9
  3264 | D:3      | Reached skill level 5 in Ice Magic
  3521 | D:3      | Found a faded altar of an unknown god.
  3686 | D:3      | Found Xuho's Antique Weapon Shoppe.
  4113 | D:4      | Found a snail-covered altar of Cheibriados.
  4485 | D:4      | Found a shimmering blue altar of Sif Muna.
  4585 | D:4      | Found a staircase to the Ecumenical Temple.
  4593 | Temple   | Entered the Ecumenical Temple
  4884 | Temple   | Became a worshipper of Makhleb the Destroyer
  5246 | D:4      | Reached XP level 7. HP: 9/60 MP: 5/11
  5297 | D:4      | Found Qeter's Armour Emporium.
  5315 | D:4      | Reached skill level 5 in Stealth
  5321 | D:4      | Bought a scarf of shadows for 144 gold pieces
  5458 | D:4      | Found a white marble altar of Elyvilon.
  5515 | D:4      | Found a basalt altar of Yredelemnul.
  5537 | D:5      | Entered Level 5 of the Dungeon
  5556 | D:5      | Identified the ring "Wearec" {+Blink EV+4}
  5626 | D:5      | Found an opulent altar of Gozag.
  5802 | D:5      | Reached skill level 1 in Short Blades
  6073 | D:5      | Reached XP level 8. HP: 43/68 MP: 5/11
  6140 | D:5      | Reached skill level 6 in Stealth
  6145 | D:5      | Learned a level 3 spell: Ozocubu's Armour
  6378 | D:5      | Noticed Menkaure
  6403 | D:5      | Reached * piety under Makhleb
  6410 | D:5      | Killed Menkaure
  6858 | D:6      | Identified a scroll of acquirement
  6858 | D:6      | Acquired a +2 buckler of reflection
  6871 | D:6      | Noticed Duvessa
  6880 | D:6      | Noticed Dowan
  6888 | D:6      | Killed Duvessa
  7074 | D:6      | HP: 3/69 [Dowan/shard of ice (19)]
  7183 | D:6      | Reached skill level 1 in Shields
  7445 | D:6      | Found an ornate altar of the Wu Jian Council.
  7445 | D:6      | Found a sacrificial altar of Ru.
  7486 | D:6      | Reached skill level 7 in Stealth
  7777 | D:6      | Killed Dowan
  8221 | D:7      | Gained mutation: You passively map the area around you.
                  | [Deep Dwarf growth]
  8221 | D:7      | Reached XP level 9. HP: 26/76 MP: 13/13
  8771 | D:7      | Reached skill level 8 in Stealth
  9177 | D:7      | Learned a level 4 spell: Hailstorm
  9348 | D:8      | HP: 3/78 [steam dragon/ball of steam (21)]
  9363 | D:8      | Reached skill level 1 in Invocations
  9441 | D:8      | Identified the +1 scale mail "Noleh" {-Cast rN++ Dex+3}
  9450 | D:8      | Noticed Prince Ribbit
  9457 | D:8      | Killed Prince Ribbit
  9552 | D:8      | Noticed Harold
  9562 | D:8      | HP: 2/78 [Harold/+0 glaive (19)]
  9564 | D:8      | Slain by Harold

Illustrated notes

Levels and vault maps discovered:
D:1:      evilmike_arrival_rings, layout_loops_ring
D:2:      layout_loops_ring
D:3:      cheibrodos_thug_alley, layout_basic, serial_shops, shop_coins,
          chequers_ecumenical_altar_island, st_stairs_7,
          chequers_serial_rivers_large_b, chequers_serial_rivers_micro_a,
          hangedman_decor_clover_reticule, serial_bayou_ford_a, minmay_cupped
D:4:      layout_basic, kennysheep_ying_yang, general_overflow_altar, tgw_sif,
          minmay_temple_entry_ruins, serial_shops, shop
D:5:      layout_loops_cross, nicolae_overflow_hidden_temple,
          kennysheep_generic_room_9, uniq_menkaure
D:6:      layout_loops_ring, gammafunk_temple_overflow_elements, uniq_duvessa
D:7:      layout_loops_corners
D:8:      layout_cave_pools, kennysheep_little_box, lemuel_crystal_altar,
          nemelex_xobeh_ov_fountains_minmay, enter_bailey_4, st_stairs_6,
          uniq_harold, uniq_maurice, uniq_prince_ribbit1
Temple:   compressed_dpeg_triangle_lava_temple

Skill      XL: |  1  2  3  4  5  6  7  8  9 |
---------------+----------------------------+-----
Ice Magic      | 4 5 6 7 |  7.2
Spellcasting   | 2 3 4 |  4.2
Fighting       | 1 2 3 4 |  4.0
Stealth        | 3 4 5 7 8 |  8.5
Hexes          | 1 2 3 4 |  4.0
Short Blades   | 1 3 4 |  4.4
Shields        | 2 4 |  4.0
Invocations    | 2 |  2.2
Maces & Flails | |  0.1
Dodging        | |  2.1

Action                   |  1- 3 |  4- 6 |  7- 9 || total
-------------------------+-------+-------+-------++-------
Melee: Whip              |    38 |       |       ||    38
       Spear             |    23 |    18 |       ||    41
       Dagger            |       |    67 |   183 ||   250
Throw: Boomerang         |       |     9 |     5 ||    14
       Dart              |       |     7 |       ||     7
 Cast: Freeze            |    43 |    32 |    37 ||   112
       Frozen Ramparts   |     6 |    25 |    27 ||    58
       Ensorcelled Hiber |       |       |    14 ||    14
       Ozocubu's Armour  |       |       |     4 ||     4
 Abil: Heal Wounds       |     2 |     2 |     9 ||    13
  Use: Scroll            |       |       |    10 ||    10
 Stab: Sleeping          |     7 |     7 |    17 ||    31
Armor: Robe              |    14 |    25 |    56 ||    95
Dodge: Dodged            |    68 |    58 |   156 ||   282

Table legend: (Time is in decaauts)
 A = Elapsed time spent in this place.
 B = Non-inter-level travel time spent in this place.
 C = Inter-level travel time spent in this place.
 D = Time resting spent in this place.
 E = Time spent auto-exploring this place.
 F = Levels seen in this place.
 G = Mean time per level.
                   A        B        C        D        E       F      G
               +--------+--------+--------+--------+--------+-----+--------+
         Total |   9616 |   8658 |    958 |    931 |   5949 |   9 | 1068.4 |
       Dungeon |   9309 |   8375 |    934 |    931 |   5684 |   8 | 1163.6 |
        Temple |    306 |    282 |     24 |      0 |    265 |   1 |  306.0 |
               +--------+--------+--------+--------+--------+-----+--------+

Top non-repeatable levels by time:
     D:3: 2095 daAuts
     D:1: 1273 daAuts
     D:5: 1268 daAuts
     D:4: 1256 daAuts
     D:7: 1236 daAuts
     D:6: 1061 daAuts
     D:2: 890 daAuts
  Temple: 306 daAuts
     D:8: 227 daAuts
